 Dungeon Crawl Stone Soup version 0.30-a0-1093-gcfb1e0cf12 (webtiles) character file.

Game seed: 12187338071697197630

63 KristoblXynda the Chopper (level 3, -9/28 HPs)
             Began as a Demonspawn Gladiator on Apr 17, 2023.
             Mangled by Prince Ribbit (14 damage)
             ... on level 5 of the Dungeon.
             The game lasted 00:02:53 (1845 turns).

KristoblXynda the Chopper (Demonspawn Gladiator)    Turns: 1845, Time: 00:02:53

Health: -9/28      AC:  5    Str: 16    XL:     3   Next: 87%
Magic:  3/3        EV: 12    Int:  9    God:
Gold:   104        SH:  4    Dex: 14    Spells: 2/2 levels left

rFire   . . .      SeeInvis .    a - +0 war axe
rCold   + . .      Faith    .    (no shield)
rNeg    . . .      Spirit   .    b - +0 leather armour
rPois   .          Reflect  .    o - +2 hat
rElec   .          Rampage  .    (no cloak)
rCorr   .                        (no gloves)
Will    .....                    (no boots)
Stlth   +                        (no amulet)
HPRegen 0.24/turn                p - ring of protection from cold
MPRegen 0.08/turn                (no ring)

@: no status effects
A: antennae 1, condensation shield
a: no special abilities


You were on level 5 of the Dungeon.
You visited 1 branch of the dungeon, and saw 5 of its levels.

You collected 104 gold pieces.

Inventory:

Hand Weapons
 a - a +0 war axe (weapon)
Missiles
 d - 3 throwing nets (quivered)
 e - a javelin
Armour
 b - a +0 leather armour (worn)
 o - a +2 hat (worn)
Jewellery
 k - a ring of fire
 p - a ring of protection from cold (left hand)
Scrolls
 g - a scroll of poison {unknown}
 i - a scroll of noise {unknown}
 l - a scroll of acquirement {unknown}
 m - a scroll of teleportation {unknown}
 r - a scroll of fear {unknown}
 s - a scroll of enchant weapon {unknown}
Potions
 c - a potion of invisibility {unknown}
 f - 2 potions of flight
 h - 2 potions of cancellation {unknown}
 n - a potion of heal wounds {unknown}


   Skills:
 + Level 2.6 Fighting
 * Level 3.5 Axes
 - Level 2.0 Throwing
 + Level 3.2 Dodging


You had 2 spell levels left.
You didn't know any spells.
Your spell library contained the following spells:

 Spells                   Type           Power      Damage    Failure   Level
 Lesser Beckoning         Tloc           0%         N/A       58%         2
 Gell's Gravitas          Tloc           0%         N/A       83%         3
 Inner Flame              Hex/Fire       0%         N/A       83%         3
 Teleport Other           Tloc           0%         N/A       83%         3
 Olgreb's Toxic Radiance  Pois           0%         N/A       99%         4
 Yara's Violent Unravell  Hex/Tmut       0%         3d3       100%        5
 Enfeeble                 Hex            0%         N/A       100%        7
 Discord                  Hex            0%         N/A       100%        8
 Ignition                 Fire           0%         3d3       100%        8


Dungeon Overview and Level Annotations

Branches:
Dungeon (5/15)
 Temple: D:4-7

Altars:

Shops:
D:1 ?   D:4 :

Annotations:
D:5 Prince Ribbit


Innate Abilities, Weirdness & Mutations

You have a pair of small antennae on your head.
A meltable shield of frost defends you. (SH +4)


Message History

Prince Ribbit hits you! Prince Ribbit misses you.
You slash Prince Ribbit!
Prince Ribbit is moderately wounded.
Prince Ribbit blinks!
Prince Ribbit blinks!
You start resting.
Prince Ribbit is nearby!
Prince Ribbit hits you!
You barely miss Prince Ribbit.
Prince Ribbit is moderately wounded.
Prince Ribbit hits you.
* * * LOW HITPOINT WARNING * * *
Prince Ribbit hits you.
* * * LOW HITPOINT WARNING * * *
Unknown command.
You feel better. Prince Ribbit hits you.
* * * LOW HITPOINT WARNING * * *
You feel better.
Prince Ribbit hits you but does no damage.
Throw: 4 throwing nets
Press: ? - help, Q - select action, (/) - cycle Shift-Dir - straight line, f/p - Prince Ribbit
Aim: Prince Ribbit (moderately wounded, 39% to hit)
You throw a throwing net. The throwing net hits Prince Ribbit.
Prince Ribbit is caught in the net!
Prince Ribbit is moderately wounded.
Prince Ribbit blinks!
You see here a throwing net.
d - 4 throwing nets (gained 1)
You slash Prince Ribbit!
Prince Ribbit is heavily wounded.
Prince Ribbit hits you! Prince Ribbit hits you.
* * * LOW HITPOINT WARNING * * *
Throw: 4 throwing nets
Press: ? - help, Q - select action, (/) - cycle Shift-Dir - straight line, f/p - Prince Ribbit
Aim: Prince Ribbit (heavily wounded, 39% to hit)
You throw a throwing net.
The throwing net closely misses Prince Ribbit.
Prince Ribbit barely misses you. Prince Ribbit hits you!
Ouch! That really hurt!
You die...

#.# #.#
#.# #.#
#.# #.#
#.#
#.#####F#
#.....@.#
#########


You could see Prince Ribbit.

Vanquished Creatures
  2 dart slugs (D:1)
  5 orcs (D:3)
  4 bats
  3 endoplasms
  3 giant cockroaches
  8 hobgoblins
  3 quokkas
  4 ball pythons
  3 frilled lizards
  5 goblins
  5 kobolds
  2 rats (D:1)
47 creatures vanquished.

Notes
Turn   | Place    | Note
-------+----------+-------------------------------------------
     0 | D:1      | KristoblXynda the Demonspawn Gladiator began the quest for
                  | the Orb.
     0 | D:1      | Reached XP level 1. HP: 16/16 MP: 1/1
    27 | D:1      | Found Gunopp's Magic Scroll Boutique.
   159 | D:1      | Gained mutation: A meltable shield of frost defends you.
                  | (SH +4) [demonic ancestry]
   159 | D:1      | Reached XP level 2. HP: 22/22 MP: 2/2
   735 | D:2      | Found a faded altar of an unknown god.
   969 | D:3      | Discovered your monstrous ancestry.
   969 | D:3      | Gained mutation: You have a pair of small antennae on your
                  | head. [demonic ancestry]
   969 | D:3      | Reached XP level 3. HP: 28/28 MP: 3/3
  1731 | D:4      | Found Seolujah's Book Shop.
  1793 | D:5      | Entered Level 5 of the Dungeon
  1793 | D:5      | Noticed Prince Ribbit
  1845 | D:5      | Mangled by Prince Ribbit

Illustrated notes

Levels and vault maps discovered:
D:1:      minmay_arrival_open_corners, layout_rooms, serial_shops,
          nicolae_shop_temple_entry_statues_fountains, corner_web_ring
D:2:      layout_loops_cross, shapermc_ecumenical_altar_flowoftime
D:3:      layout_loops_cross, nicolae_kite_square_tiling_tiny
D:4:      layout_loops_ring, mainiacjoe_overflow_concentric_impassable,
          biasface_ghost_orc_armoury, serial_shops, shop,
          minmay_misc_feat_tower, uniq_ijyb
D:5:      lemuel_ice_spiral_2, layout_basic, ashenzari_conservatory_becter,
          slow_altar_1, fedhas_altar_decomposition, uniq_grinder,
          uniq_blork_the_orc, uniq_pikel, uniq_prince_ribbit1

Skill      XL: |  1  2 |
---------------+-------+-----
Throwing       | 2 |  2.0
Axes           | 3 |  3.5
Dodging        | 3 |  3.2
Fighting       | |  2.6

Action                     || total
---------------------------++-------
  Melee: War axe           ||   130
         Punch             ||     2
  Throw: Throwing net      ||     3
    Use: Potion            ||     3
         Scroll            ||     1
   Stab: Sleeping          ||     1
 Armour: Leather armour    ||    41
  Dodge: Dodged            ||    75
  Block: Other             ||    22

Table legend: (Time is in decaauts)
 A = Elapsed time spent in this place.
 B = Non-inter-level travel time spent in this place.
 C = Inter-level travel time spent in this place.
 D = Time resting spent in this place.
 E = Time spent auto-exploring this place.
 F = Levels seen in this place.
 G = Mean time per level.
                   A        B        C        D        E       F      G
               +--------+--------+--------+--------+--------+-----+--------+
         Total |   1888 |   1854 |     34 |    165 |   1295 |   5 |  377.6 |
       Dungeon |   1888 |   1854 |     34 |    165 |   1295 |   5 |  377.6 |
               +--------+--------+--------+--------+--------+-----+--------+

Top non-repeatable levels by time:
     D:3: 783 daAuts
     D:2: 582 daAuts
     D:1: 403 daAuts
     D:4: 65 daAuts
     D:5: 53 daAuts
